Canadiens vs Blue Jackets
Created - June 1, 2022 at 21:08
Goals
|
Canadiens |
0 |
2 |
0 |
2 |
Blue Jackets |
0 |
2 |
3 |
5 |
|
Shots
|
Canadiens |
16 |
17 |
8 |
41 |
Blue Jackets |
5 |
9 |
12 |
26 |
|
1st period
No Goal
Penalties :
Daniel Carcillo (Clb) for Diving (Minor) at 7:01, Jean-Gabriel Pageau (Mon) for Hooking (Minor) at 19:29
2nd period
1. Blue Jackets , Daniel Carcillo 13 (Colton Parayko 25, Devin Setoguchi 17) at 0:58 (PP)
2. Canadiens , Steve Downie 13 (Mika Zibanejad 44, Greg Stewart 30) at 12:14
3. Blue Jackets , Travis Hamonic 5 (Dave Bolland 15, Rick DiPietro) at 13:15 (PP)
4. Canadiens , Nick Spaling 9 (Cam Fowler 34, Jordan Szwarz 13) at 19:48
Penalties :
Phil Kessel (Mon) for Boarding (Minor) at 12:33, Tyler Seguin (Clb) for Kneeing (Minor) at 13:40
3rd period
5. Blue Jackets , Peter Mueller 11 (Mats Zuccarello 14, Shea Weber 17) at 5:03
6. Blue Jackets , Daniel Carcillo 14 (Travis Hamonic 27) at 9:50
7. Blue Jackets , Rickard Rakell 22 (Rob Scuderi 16) at 13:58
Penalties :
Devin Setoguchi (Clb) for Hooking (Minor) at 2:06, Phil Kessel (Mon) for Hooking (Minor) at 5:27, Anton Volchenkov (Mon) for Hooking (Minor) at 14:58
Goalie Stats
Kristers Gudlevskis (Mon), 21 saves from 26 shots - (0.808), L, 29-23-6, 60:00 minutes
Rick DiPietro (Clb), 39 saves from 41 shots - (0.951), W, 25-20-9, 60:00 minutes
Players Stats for Canadiens
Player Name G A P +/- PIM S H SB GA TA FO MP PP MP PK MP
------------------------------------------------------------------------------------
Anton Volchenkov 0 0 0 -1 2 0 1 2 0 0 0/0 15:09 0:00 3:14
Brandon Bollig 0 0 0 0 0 1 1 0 0 0 0/0 11:26 0:45 1:07
Brian Dumoulin 0 0 0 -1 0 0 0 0 0 0 0/0 12:46 0:00 0:55
Bryce Lampman 0 0 0 1 0 2 0 0 0 0 0/0 18:53 2:37 2:08
Cam Fowler 0 1 1 1 0 4 3 3 1 0 0/0 25:23 3:20 4:34
Chad Larose 0 0 0 1 0 0 1 0 0 0 0/0 12:02 0:00 3:57
Chris Kreider 0 0 0 -2 0 3 2 0 1 0 1/2 19:27 2:12 0:00
Greg Stewart 0 1 1 0 0 3 0 0 0 0 2/3 16:00 3:00 0:00
Henrik Sedin 0 0 0 0 0 2 3 0 0 0 2/3 11:19 0:45 1:00
Jean-Gabriel Pageau 0 0 0 -2 2 3 2 0 0 0 18/35 21:59 2:12 2:28
Jordan Szwarz 0 1 1 1 0 2 2 0 0 0 0/0 8:54 0:45 0:00
Kevin Shattenkirk 0 0 0 -1 0 6 2 1 1 1 0/0 25:11 3:20 0:00
Mark Stuart 0 0 0 -1 0 2 0 0 0 3 0/0 22:38 2:37 1:27
Mika Zibanejad 0 1 1 0 0 4 0 0 0 0 4/9 16:00 3:00 0:00
Nick Spaling 1 0 1 1 0 3 2 0 0 0 2/5 9:05 0:00 1:05
Phil Kessel 0 0 0 -2 4 3 2 1 1 0 1/2 19:30 2:12 0:00
Steve Downie 1 0 1 0 0 2 1 0 1 0 0/0 16:00 3:00 0:00
Tyler Kennedy 0 0 0 0 0 1 0 1 0 0 2/5 12:05 0:00 2:41
Players Stats for Blue Jackets
Player Name G A P +/- PIM S H SB GA TA FO MP PP MP PK MP
------------------------------------------------------------------------------------
Artemi Panarin 0 0 0 0 0 1 1 0 2 1 0/1 21:37 3:49 2:49
Bobby Ryan 0 0 0 0 0 2 1 0 2 1 0/1 19:39 3:49 1:01
Colton Parayko 0 1 1 1 0 1 2 3 0 0 0/0 28:51 4:32 3:36
Daniel Carcillo 2 0 2 0 2 6 2 0 0 0 1/1 18:18 2:17 1:27
Dave Bolland 0 1 1 0 0 2 1 0 0 0 9/14 18:15 2:17 1:26
Dennis Wideman 0 0 0 1 0 0 0 0 0 0 0/0 18:44 1:37 2:21
Devin Setoguchi 0 1 1 0 2 1 3 0 0 0 0/0 16:56 2:17 0:00
Martin Havlat 0 0 0 -1 0 0 1 0 0 0 0/0 6:25 0:03 0:00
Mats Zuccarello 0 1 1 2 0 1 0 1 0 0 0/1 12:01 0:03 0:00
Peter Mueller 1 0 1 2 0 5 1 0 0 0 4/8 14:31 0:00 2:20
Rickard Rakell 1 0 1 2 0 1 1 0 0 0 0/0 13:10 0:00 1:09
Rob Scuderi 0 1 1 -1 0 0 1 0 0 0 0/0 12:25 0:00 0:00
Ryan Wilson 0 0 0 -1 0 0 1 0 0 0 0/0 12:25 0:00 0:00
Shea Weber 0 1 1 1 0 2 2 2 0 0 0/0 18:44 1:37 2:21
Tim Schaller 0 0 0 -1 0 1 0 0 0 0 0/0 6:31 0:00 0:09
Travis Hamonic 1 1 2 1 0 1 1 1 0 1 0/0 28:51 4:32 3:36
Tyler Seguin 0 0 0 -1 2 2 3 0 0 2 18/37 25:08 3:39 1:33
Zac Rinaldo 0 0 0 0 0 0 0 0 0 0 0/1 1:29 0:13 0:00
3 Stars
1 - Rick DiPietro (Clb)
2 - Travis Hamonic (Clb)
3 - Daniel Carcillo (Clb)
Power Play
Canadiens - 0 on 3 Attempt(s) - 0.00%
Blue Jackets - 2 on 4 Attempt(s) - 50.00%
Penalty Kill
Canadiens - 2 on 4 Attempt(s) - 50.00%
- Score 0 goal in Penalty Kill
Blue Jackets - 3 on 3 Attempt(s) - 100.00%
- Score 0 goal in Penalty Kill
Team Stat
Canadiens - Hits : 22 - Faceoff Wins : 32 - Blocked Shots : 8 - Penalty Minutes : 8
Blue Jackets - Hits : 21 - Faceoff Wins : 32 - Blocked Shots : 7 - Penalty Minutes : 6
Official
Referees : Frederick L'Ecuyer and Brandon Schrader
Linesman : Mark Shewchyk and Tyson Baker
Game Notes
No Game Note
Finance
Level 1 -- Attendance: 5393 (89.88%) -- Ticket Income $539,300
Level 2 -- Attendance: 5000 (100.00%) -- Ticket Income $300,000
Level 3 -- Attendance: 2000 (100.00%) -- Ticket Income $70,000
Level 4 -- Attendance: 3716 (92.90%) -- Ticket Income $92,900
Luxury Box -- Attendance: 900 (90.00%) -- Ticket Income $180,000
Game was played at the Nationwide arena.
Total Attendance: 17009 (94.49%)
Total Ticket Income: $1,182,200
Other Income: $177,330
Total Income: $1,359,530
Canadiens
5 vs 5 Forward
Center Left Wing Right Wing Time % Phy DF OF
1 Jean-Gabriel Pageau Chris Kreider Phil Kessel 40 1 1 3
2 Mika Zibanejad Greg Stewart Steve Downie 30 1 2 2
3 Henrik Sedin Brandon Bollig Tyler Kennedy 20 1 2 2
4 Nick Spaling Chad Larose Jordan Szwarz 10 1 2 2
5 vs 5 Defense
Defense Defense Time % Phy DF OF
1 Kevin Shattenkirk Mark Stuart 40 0 2 3
2 Bryce Lampman Cam Fowler 30 1 2 2
3 Brian Dumoulin Anton Volchenkov 20 1 2 2
4 Kevin Shattenkirk Cam Fowler 10 1 2 2
PowerPlay Forward
Center Left Wing Right Wing Time % Phy DF OF
1 Jean-Gabriel Pageau Chris Kreider Phil Kessel 60 0 1 4
2 Mika Zibanejad Greg Stewart Steve Downie 40 0 1 4
PowerPlay Defense
Defense Defense Time % Phy DF OF
1 Kevin Shattenkirk Cam Fowler 60 0 1 4
2 Bryce Lampman Mark Stuart 40 0 1 4
Penalty Kill 4 Players Forward
Center Wing Time % Phy DF OF
1 Jean-Gabriel Pageau Chad Larose 60 1 3 1
2 Nick Spaling Tyler Kennedy 40 1 3 1
Penalty Kill 4 Players Defense
Defense Defense Time % Phy DF OF
1 Anton Volchenkov Cam Fowler 60 1 3 1
2 Bryce Lampman Mark Stuart 40 1 3 1
Penalty Kill - 3 Players Forward
Forward Time % Phy DF OF
1 Nick Spaling 60 0 5 0
2 Mika Zibanejad 40 0 5 0
Penalty Kill - 3 Players Defense
Defense Defense Time % Phy DF OF
1 Mark Stuart Anton Volchenkov 60 1 4 0
2 Brian Dumoulin Kevin Shattenkirk 40 1 4 0
4 vs 4 Forward
Center Wing Time % Phy DF OF
1 Mika Zibanejad Chris Kreider 60 1 2 2
2 Henrik Sedin Phil Kessel 40 1 2 2
4 vs 4 Defense
Defense Defense Time % Phy DF OF
1 Kevin Shattenkirk Cam Fowler 60 1 2 2
2 Bryce Lampman Mark Stuart 40 1 2 2
Last Minutes Offensive
Center Left Wing Right Wing Defense Defense
Jean-Gabriel Pageau Chris Kreider Phil Kessel Kevin Shattenkirk Cam Fowler
Last Minutes Defensive
Center Left Wing Right Wing Defense Defense
Jean-Gabriel Pageau Chris Kreider Phil Kessel Kevin Shattenkirk Cam Fowler
Goaltenders
Starting : Kristers Gudlevskis
Backup : Allen York
Extra Forwards
Normal : Chris Kreider, Mika Zibanejad, Phil Kessel - PP : Chris Kreider, Mika Zibanejad - PK : Tyler Kennedy
Extra Defensemen
Normal : Kevin Shattenkirk, Cam Fowler, Bryce Lampman - PP : Kevin Shattenkirk - PK : Anton Volchenkov, Bryce Lampman
Penalty Shots
Chris Kreider, Jean-Gabriel Pageau, Phil Kessel, Greg Stewart, Mika Zibanejad
Scratches
Philip Larsen (Healthy)
Blue Jackets
5 vs 5 Forward
Center Left Wing Right Wing Time % Phy DF OF
1 Tyler Seguin Artemi Panarin Bobby Ryan 40 1 2 2
2 Dave Bolland Daniel Carcillo Devin Setoguchi 30 1 2 2
3 Peter Mueller Rickard Rakell Mats Zuccarello 20 1 2 2
4 Tyler Seguin Tim Schaller Martin Havlat 10 1 2 2
5 vs 5 Defense
Defense Defense Time % Phy DF OF
1 Travis Hamonic Colton Parayko 40 1 2 2
2 Shea Weber Dennis Wideman 30 1 2 2
3 Rob Scuderi Ryan Wilson 20 1 2 2
4 Travis Hamonic Colton Parayko 10 1 2 2
PowerPlay Forward
Center Left Wing Right Wing Time % Phy DF OF
1 Tyler Seguin Artemi Panarin Bobby Ryan 60 1 2 2
2 Dave Bolland Daniel Carcillo Devin Setoguchi 40 1 2 2
PowerPlay Defense
Defense Defense Time % Phy DF OF
1 Travis Hamonic Colton Parayko 60 1 2 2
2 Shea Weber Dennis Wideman 40 1 2 2
Penalty Kill 4 Players Forward
Center Wing Time % Phy DF OF
1 Tyler Seguin Artemi Panarin 60 1 2 2
2 Bobby Ryan Daniel Carcillo 40 1 2 2
Penalty Kill 4 Players Defense
Defense Defense Time % Phy DF OF
1 Travis Hamonic Colton Parayko 60 1 2 2
2 Shea Weber Dennis Wideman 40 1 2 2
Penalty Kill - 3 Players Forward
Forward Time % Phy DF OF
1 Tyler Seguin 60 1 2 2
2 Artemi Panarin 40 1 2 2
Penalty Kill - 3 Players Defense
Defense Defense Time % Phy DF OF
1 Travis Hamonic Colton Parayko 60 1 2 2
2 Shea Weber Dennis Wideman 40 1 2 2
4 vs 4 Forward
Center Wing Time % Phy DF OF
1 Tyler Seguin Artemi Panarin 60 1 2 2
2 Bobby Ryan Daniel Carcillo 40 1 2 2
4 vs 4 Defense
Defense Defense Time % Phy DF OF
1 Travis Hamonic Colton Parayko 60 1 2 2
2 Shea Weber Dennis Wideman 40 1 2 2
Last Minutes Offensive
Center Left Wing Right Wing Defense Defense
Tyler Seguin Artemi Panarin Bobby Ryan Travis Hamonic Colton Parayko
Last Minutes Defensive
Center Left Wing Right Wing Defense Defense
Tyler Seguin Artemi Panarin Bobby Ryan Travis Hamonic Colton Parayko
Goaltenders
Starting : Rick DiPietro
Backup : Jonas Gustavsson
Extra Forwards
Normal : Zac Rinaldo, Mats Zuccarello, Peter Mueller - PP : Zac Rinaldo, Mats Zuccarello - PK : Peter Mueller
Extra Defensemen
Normal : Rob Scuderi, Ryan Wilson, Shea Weber - PP : Rob Scuderi - PK : Ryan Wilson, Shea Weber
Penalty Shots
Tyler Seguin, Artemi Panarin, Bobby Ryan, Daniel Carcillo, Devin Setoguchi
Scratches
Andreas Nodl (Healthy), Kevin Porter (Healthy), Shea Theodore (Healthy), T.J. Oshie (Healthy), William Karlsson (Healthy)
% Time on Ice - Canadiens
Lines # - Real PCT - Wanted PCT - Time Play
Normal Forward
1 - 37% - 40% - 17:30
2 - 27% - 30% - 13:00
3 - 20% - 20% - 9:24
4 - 17% - 10% - 8:00
Normal Defense
1 - 41% - 40% - 19:33
2 - 29% - 30% - 14:07
3 - 25% - 20% - 11:50
4 - 5% - 10% - 2:24
PP Forward
1 - 50% - 60% - 2:57
2 - 50% - 40% - 3:00
PP Defense
1 - 56% - 60% - 3:20
2 - 44% - 40% - 2:37
PK Forward
1 - 82% - 60% - 5:04
2 - 18% - 40% - 1:05
PK Defense
1 - 76% - 60% - 4:42
2 - 24% - 40% - 1:27
PK3 Forward
1 - 0% - 60%
2 - 0% - 40%
PK3 Defense
1 - 0% - 60%
2 - 0% - 40%
44 Forward
1 - 0% - 60%
2 - 0% - 40%
44 Defense
1 - 0% - 60%
2 - 0% - 40%
Last Minute Offensive - 0:00
Last Minute Defensive - 0:00
Total
Forward - 60:00
Defense - 60:00
|
% Time on Ice - Blue Jackets
Lines # - Real PCT - Wanted PCT - Time Play
Normal Forward
1 - 31% - 40% - 15:04
2 - 30% - 30% - 14:30
3 - 25% - 20% - 11:58
4 - 13% - 10% - 6:22
Normal Defense
1 - 40% - 40% - 19:00
2 - 31% - 30% - 14:46
3 - 26% - 20% - 12:25
4 - 4% - 10% - 1:43
PP Forward
1 - 63% - 60% - 3:52
2 - 37% - 40% - 2:17
PP Defense
1 - 74% - 60% - 4:32
2 - 26% - 40% - 1:37
PK Forward
1 - 83% - 60% - 4:56
2 - 17% - 40% - 1:01
PK Defense
1 - 61% - 60% - 3:36
2 - 39% - 40% - 2:21
PK3 Forward
1 - 0% - 60%
2 - 0% - 40%
PK3 Defense
1 - 0% - 60%
2 - 0% - 40%
44 Forward
1 - 0% - 60%
2 - 0% - 40%
44 Defense
1 - 0% - 60%
2 - 0% - 40%
Last Minute Offensive - 0:00
Last Minute Defensive - 0:00
Total
Forward - 60:00
Defense - 60:00
|
Play-by-Play
1st period
0:01 of 1st period - Tyler Seguin wins face-off versus Jean-Gabriel Pageau in neutral zone.
0:29 of 1st period - Icing by Dave Bolland.
0:30 of 1st period - Daniel Carcillo wins face-off versus Greg Stewart in Blue Jackets zone.
0:45 of 1st period - Snap shot by Mika Zibanejad.
0:45 of 1st period - Shot Misses the Net.
0:47 of 1st period - Snap shot by Bryce Lampman.
0:47 of 1st period - Stopped by Rick DiPietro with a rebound.
0:49 of 1st period - Wrist shot by Bryce Lampman.
0:49 of 1st period - Shot Blocked by Shea Weber.
0:51 of 1st period - Snap shot by Steve Downie.
0:51 of 1st period - Shot Misses the Net.
0:53 of 1st period - Wrist shot by Cam Fowler.
0:53 of 1st period - Deflect By Devin Setoguchi.
0:53 of 1st period - Stopped by Rick DiPietro without a rebound.
0:54 of 1st period - Henrik Sedin wins face-off versus Peter Mueller in Blue Jackets zone.
0:57 of 1st period - Snap shot by Tyler Kennedy.
0:57 of 1st period - Shot Blocked by Mats Zuccarello.
1:03 of 1st period - Tyler Kennedy is hit by Rickard Rakell and loses puck.
1:47 of 1st period - Wrist shot by Jordan Szwarz.
1:47 of 1st period - Stopped by Rick DiPietro with a rebound.
2:12 of 1st period - Snap shot by Peter Mueller.
2:12 of 1st period - Shot Blocked by Anton Volchenkov.
2:36 of 1st period - Snap shot by Tyler Kennedy.
2:36 of 1st period - Shot Hit the Post.
2:38 of 1st period - Slapshot by Brandon Bollig.
2:38 of 1st period - Stopped by Rick DiPietro with a rebound.
3:34 of 1st period - Slapshot by Mika Zibanejad.
3:34 of 1st period - Deflect By Tyler Seguin.
3:34 of 1st period - Stopped by Rick DiPietro without a rebound.
3:35 of 1st period - Tyler Seguin wins face-off versus Chris Kreider in Blue Jackets zone.
4:01 of 1st period - Bryce Lampman is hit by Rob Scuderi and loses puck.
4:22 of 1st period - Snap shot by Mats Zuccarello.
4:22 of 1st period - Shot Misses the Net.
4:24 of 1st period - Slapshot by Shea Weber.
4:24 of 1st period - Stopped by Kristers Gudlevskis without a rebound.
4:25 of 1st period - Jean-Gabriel Pageau wins face-off versus Artemi Panarin in Canadiens zone.
5:03 of 1st period - Snap shot by Mats Zuccarello.
5:03 of 1st period - Stopped by Kristers Gudlevskis without a rebound.
5:04 of 1st period - Henrik Sedin wins face-off versus Mats Zuccarello in Canadiens zone.
5:25 of 1st period - Snap shot by Peter Mueller.
5:25 of 1st period - Stopped by Kristers Gudlevskis without a rebound.
5:26 of 1st period - Jean-Gabriel Pageau wins face-off versus Bobby Ryan in Canadiens zone.
5:28 of 1st period - Icing by Phil Kessel.
5:29 of 1st period - Tyler Seguin wins face-off versus Jean-Gabriel Pageau in Canadiens zone.
5:51 of 1st period - Jean-Gabriel Pageau is hit by Tyler Seguin and loses puck.
6:10 of 1st period - Slapshot by Tyler Seguin.
6:10 of 1st period - Stopped by Kristers Gudlevskis with a rebound.
6:20 of 1st period - Snap shot by Bobby Ryan.
6:20 of 1st period - Stopped by Kristers Gudlevskis with a rebound.
6:49 of 1st period - Wrist shot by Jean-Gabriel Pageau.
6:49 of 1st period - Stopped by Rick DiPietro with a rebound.
6:51 of 1st period - Wrist shot by Chris Kreider.
6:51 of 1st period - Stopped by Rick DiPietro with a rebound.
6:53 of 1st period - Slapshot by Cam Fowler.
6:53 of 1st period - Stopped by Rick DiPietro with a rebound.
6:55 of 1st period - Slapshot by Kevin Shattenkirk.
6:55 of 1st period - Stopped by Rick DiPietro without a rebound.
6:56 of 1st period - Greg Stewart wins face-off versus Dave Bolland in Blue Jackets zone.
6:59 of 1st period - Wrist shot by Mika Zibanejad.
6:59 of 1st period - Shot Blocked by Colton Parayko.
7:01 of 1st period - Minor Penalty to Daniel Carcillo for Diving.
7:02 of 1st period - Mika Zibanejad wins face-off versus Peter Mueller in Blue Jackets zone.
7:03 of 1st period - Snap shot by Greg Stewart.
7:03 of 1st period - Stopped by Rick DiPietro with a rebound.
7:05 of 1st period - Slapshot by Bryce Lampman.
7:05 of 1st period - Shot Misses the Net.
8:29 of 1st period - Dave Bolland is hit by Henrik Sedin.
9:01 of 1st period - Penalty to Daniel Carcillo is over, Daniel Carcillo is back on ice.
9:06 of 1st period - Icing by Daniel Carcillo.
9:07 of 1st period - Dave Bolland wins face-off versus Nick Spaling in Blue Jackets zone.
10:58 of 1st period - Slapshot by Cam Fowler.
10:58 of 1st period - Stopped by Rick DiPietro with a rebound.
11:18 of 1st period - Slapshot by Devin Setoguchi.
11:18 of 1st period - Shot Blocked by Cam Fowler.
11:34 of 1st period - Slapshot by Kevin Shattenkirk.
11:34 of 1st period - Shot Blocked by Shea Weber.
12:27 of 1st period - Tim Schaller is hit by Phil Kessel.
12:58 of 1st period - Slapshot by Kevin Shattenkirk.
12:58 of 1st period - Shot Misses the Net.
13:28 of 1st period - Tyler Seguin is hit by Chris Kreider and loses puck.
13:45 of 1st period - Brian Dumoulin is hit by Ryan Wilson and loses puck.
14:00 of 1st period - Wrist shot by Mika Zibanejad.
14:00 of 1st period - Shot Misses the Net.
14:02 of 1st period - Snap shot by Steve Downie.
14:02 of 1st period - Stopped by Rick DiPietro with a rebound.
14:18 of 1st period - Tyler Seguin is hit by Anton Volchenkov and loses puck.
14:24 of 1st period - Icing by Dennis Wideman.
14:25 of 1st period - Jean-Gabriel Pageau wins face-off versus Tyler Seguin in Blue Jackets zone.
14:42 of 1st period - Daniel Carcillo is hit by Cam Fowler.
15:26 of 1st period - Daniel Carcillo is hit by Jean-Gabriel Pageau and loses puck.
15:33 of 1st period - Wrist shot by Jean-Gabriel Pageau.
15:33 of 1st period - Stopped by Rick DiPietro with a rebound.
15:40 of 1st period - Icing by Dave Bolland.
15:41 of 1st period - Dave Bolland wins face-off versus Nick Spaling in Blue Jackets zone.
15:48 of 1st period - Wrist shot by Nick Spaling.
15:48 of 1st period - Shot Misses the Net.
16:26 of 1st period - Wrist shot by Nick Spaling.
16:26 of 1st period - Stopped by Rick DiPietro with a rebound.
16:29 of 1st period - Icing by Daniel Carcillo.
16:30 of 1st period - Jean-Gabriel Pageau wins face-off versus Dave Bolland in Blue Jackets zone.
18:05 of 1st period - Snap shot by Jordan Szwarz.
18:05 of 1st period - Stopped by Rick DiPietro with a rebound.
18:23 of 1st period - Slapshot by Mika Zibanejad.
18:23 of 1st period - Stopped by Rick DiPietro without a rebound.
18:24 of 1st period - Mika Zibanejad wins face-off versus Peter Mueller in Blue Jackets zone.
19:06 of 1st period - Off-side.
19:07 of 1st period - Jean-Gabriel Pageau wins face-off versus Dave Bolland in neutral zone.
19:10 of 1st period - Snap shot by Jean-Gabriel Pageau.
19:10 of 1st period - Shot Misses the Net.
19:29 of 1st period - Minor Penalty to Jean-Gabriel Pageau for Hooking.
19:30 of 1st period - Tyler Seguin wins face-off versus Tyler Kennedy in Canadiens zone.
19:44 of 1st period - Slapshot by Colton Parayko.
19:44 of 1st period - Deflect By Tyler Seguin.
19:44 of 1st period - Shot Misses the Net.
19:44 of 1st period - Puck is out of play.
19:45 of 1st period - Tyler Kennedy wins face-off versus Tyler Seguin in Canadiens zone.
Goals for this period are 0 for Canadiens vs 0 for Blue Jackets.
Shots for this period are 16 for Canadiens vs 5 for Blue Jackets.
2nd period
0:01 of 2nd period - Tyler Kennedy wins face-off versus Tyler Seguin in neutral zone.
0:07 of 2nd period - Off-side.
0:08 of 2nd period - Tyler Seguin wins face-off versus Tyler Kennedy in neutral zone.
0:22 of 2nd period - Slapshot by Travis Hamonic.
0:22 of 2nd period - Deflect By Tyler Seguin.
0:22 of 2nd period - Shot Misses the Net.
0:22 of 2nd period - Puck is out of play.
0:23 of 2nd period - Tyler Seguin wins face-off versus Tyler Kennedy in Canadiens zone.
0:54 of 2nd period - Snap shot by Devin Setoguchi.
0:54 of 2nd period - Shot Misses the Net.
0:56 of 2nd period - Snap shot by Colton Parayko.
0:56 of 2nd period - Shot Blocked by Cam Fowler.
0:58 of 2nd period - Backhand shot by Colton Parayko.
0:58 of 2nd period - Deflect By Daniel Carcillo.
0:58 of 2nd period - Goal by Daniel Carcillo - Canadiens : 0 - Blue Jackets : 1.
0:59 of 2nd period - Jean-Gabriel Pageau wins face-off versus Tyler Seguin in neutral zone.
1:38 of 2nd period - Snap shot by Dave Bolland.
1:38 of 2nd period - Shot Blocked by Kevin Shattenkirk.
2:02 of 2nd period - Slapshot by Kevin Shattenkirk.
2:02 of 2nd period - Stopped by Rick DiPietro with a rebound.
2:04 of 2nd period - Wrist shot by Henrik Sedin.
2:04 of 2nd period - Stopped by Rick DiPietro with a rebound.
2:52 of 2nd period - Greg Stewart is hit by Devin Setoguchi.
2:56 of 2nd period - Slapshot by Daniel Carcillo.
2:56 of 2nd period - Shot Misses the Net.
4:37 of 2nd period - Off-side.
4:38 of 2nd period - Mika Zibanejad wins face-off versus Zac Rinaldo in neutral zone.
5:28 of 2nd period - Daniel Carcillo is hit by Nick Spaling and loses puck.
5:39 of 2nd period - Wrist shot by Nick Spaling.
5:39 of 2nd period - Stopped by Rick DiPietro without a rebound.
5:40 of 2nd period - Mika Zibanejad wins face-off versus Tyler Seguin in Blue Jackets zone.
5:47 of 2nd period - Snap shot by Greg Stewart.
5:47 of 2nd period - Stopped by Rick DiPietro with a rebound.
6:07 of 2nd period - Phil Kessel is hit by Shea Weber and loses puck.
6:30 of 2nd period - Wrist shot by Tyler Seguin.
6:30 of 2nd period - Shot Misses the Net.
6:45 of 2nd period - Bryce Lampman is hit by Martin Havlat.
6:56 of 2nd period - Off-side.
6:57 of 2nd period - Dave Bolland wins face-off versus Nick Spaling in neutral zone.
7:03 of 2nd period - Icing by Kevin Shattenkirk.
7:04 of 2nd period - Nick Spaling wins face-off versus Tyler Seguin in Canadiens zone.
7:13 of 2nd period - Travis Hamonic is hit by Chad Larose and loses puck.
7:18 of 2nd period - Wrist shot by Jordan Szwarz.
7:18 of 2nd period - Deflect By Travis Hamonic.
7:18 of 2nd period - Shot Misses the Net.
7:18 of 2nd period - Puck is out of play.
7:19 of 2nd period - Tyler Seguin wins face-off versus Jean-Gabriel Pageau in Blue Jackets zone.
8:50 of 2nd period - Jean-Gabriel Pageau is hit by Devin Setoguchi and loses puck.
9:05 of 2nd period - Slapshot by Mark Stuart.
9:05 of 2nd period - Deflect By Mika Zibanejad.
9:05 of 2nd period - Stopped by Rick DiPietro without a rebound.
9:06 of 2nd period - Peter Mueller wins face-off versus Mika Zibanejad in Blue Jackets zone.
9:15 of 2nd period - Wrist shot by Rickard Rakell.
9:15 of 2nd period - Deflect By Mika Zibanejad.
9:15 of 2nd period - Shot Misses the Net.
9:15 of 2nd period - Puck is out of play.
9:16 of 2nd period - Jean-Gabriel Pageau wins face-off versus Tyler Seguin in Canadiens zone.
9:21 of 2nd period - Backhand shot by Phil Kessel.
9:21 of 2nd period - Stopped by Rick DiPietro with a rebound.
9:33 of 2nd period - Snap shot by Artemi Panarin.
9:33 of 2nd period - Stopped by Kristers Gudlevskis with a rebound.
9:45 of 2nd period - Mika Zibanejad is hit by Colton Parayko and loses puck.
10:11 of 2nd period - Slapshot by Henrik Sedin.
10:11 of 2nd period - Stopped by Rick DiPietro with a rebound.
10:13 of 2nd period - Slapshot by Kevin Shattenkirk.
10:13 of 2nd period - Shot Hit the Post.
10:17 of 2nd period - Slapshot by Henrik Sedin.
10:17 of 2nd period - Shot Misses the Net.
10:51 of 2nd period - Slapshot by Kevin Shattenkirk.
10:51 of 2nd period - Stopped by Rick DiPietro with a rebound.
10:53 of 2nd period - Slapshot by Mark Stuart.
10:53 of 2nd period - Deflect By Phil Kessel.
10:53 of 2nd period - Stopped by Rick DiPietro without a rebound.
10:54 of 2nd period - Phil Kessel wins face-off versus Tyler Seguin in Blue Jackets zone.
11:01 of 2nd period - Wrist shot by Tim Schaller.
11:01 of 2nd period - Stopped by Kristers Gudlevskis without a rebound.
11:02 of 2nd period - Dave Bolland wins face-off versus Phil Kessel in Canadiens zone.
11:12 of 2nd period - Wrist shot by Dave Bolland.
11:12 of 2nd period - Stopped by Kristers Gudlevskis with a rebound.
11:14 of 2nd period - Slapshot by Daniel Carcillo.
11:14 of 2nd period - Stopped by Kristers Gudlevskis without a rebound.
11:15 of 2nd period - Tyler Seguin wins face-off versus Jean-Gabriel Pageau in Canadiens zone.
11:20 of 2nd period - Mark Stuart is hit by Tyler Seguin and loses puck.
12:14 of 2nd period - Snap shot by Steve Downie.
12:14 of 2nd period - Goal by Steve Downie - Canadiens : 1 - Blue Jackets : 1.
12:15 of 2nd period - Dave Bolland wins face-off versus Jean-Gabriel Pageau in neutral zone.
12:33 of 2nd period - Minor Penalty to Phil Kessel for Boarding.
12:34 of 2nd period - Jean-Gabriel Pageau wins face-off versus Tyler Seguin in Canadiens zone.
12:56 of 2nd period - Chad Larose is hit by Tyler Seguin and loses puck.
13:15 of 2nd period - Slapshot by Travis Hamonic.
13:15 of 2nd period - Goal by Travis Hamonic - Canadiens : 1 - Blue Jackets : 2.
13:16 of 2nd period - Jean-Gabriel Pageau wins face-off versus Tyler Seguin in neutral zone.
13:23 of 2nd period - Snap shot by Chris Kreider.
13:23 of 2nd period - Shot Misses the Net.
13:25 of 2nd period - Wrist shot by Phil Kessel.
13:25 of 2nd period - Stopped by Rick DiPietro with a rebound.
13:27 of 2nd period - Snap shot by Phil Kessel.
13:27 of 2nd period - Deflect By Chris Kreider.
13:27 of 2nd period - Stopped by Rick DiPietro without a rebound.
13:28 of 2nd period - Tyler Seguin wins face-off versus Jean-Gabriel Pageau in Blue Jackets zone.
13:40 of 2nd period - Minor Penalty to Tyler Seguin for Kneeing.
13:41 of 2nd period - Peter Mueller wins face-off versus Jean-Gabriel Pageau in Blue Jackets zone.
15:04 of 2nd period - Snap shot by Kevin Shattenkirk.
15:04 of 2nd period - Stopped by Rick DiPietro without a rebound.
15:05 of 2nd period - Jean-Gabriel Pageau wins face-off versus Peter Mueller in Blue Jackets zone.
15:06 of 2nd period - Snap shot by Chris Kreider.
15:06 of 2nd period - Stopped by Rick DiPietro without a rebound.
15:07 of 2nd period - Peter Mueller wins face-off versus Jean-Gabriel Pageau in Blue Jackets zone.
15:07 of 2nd period - Peter Mueller is hit by Jean-Gabriel Pageau.
15:40 of 2nd period - Penalty to Tyler Seguin is over, Tyler Seguin is back on ice.
15:52 of 2nd period - Tim Schaller is hit by Kevin Shattenkirk and loses puck.
16:11 of 2nd period - Chad Larose is hit by Daniel Carcillo and loses puck.
16:38 of 2nd period - Jean-Gabriel Pageau is hit by Peter Mueller and loses puck.
18:05 of 2nd period - Snap shot by Kevin Shattenkirk.
18:05 of 2nd period - Stopped by Rick DiPietro without a rebound.
18:06 of 2nd period - Dave Bolland wins face-off versus Jean-Gabriel Pageau in Blue Jackets zone.
18:11 of 2nd period - Snap shot by Devin Setoguchi.
18:11 of 2nd period - Stopped by Kristers Gudlevskis with a rebound.
18:14 of 2nd period - Icing by Mark Stuart.
18:15 of 2nd period - Dave Bolland wins face-off versus Jean-Gabriel Pageau in Canadiens zone.
18:16 of 2nd period - Slapshot by Daniel Carcillo.
18:16 of 2nd period - Stopped by Kristers Gudlevskis without a rebound.
18:17 of 2nd period - Tyler Seguin wins face-off versus Jean-Gabriel Pageau in Canadiens zone.
19:05 of 2nd period - Slapshot by Bryce Lampman.
19:05 of 2nd period - Stopped by Rick DiPietro with a rebound.
19:27 of 2nd period - Wrist shot by Tyler Seguin.
19:27 of 2nd period - Stopped by Kristers Gudlevskis without a rebound.
19:28 of 2nd period - Nick Spaling wins face-off versus Tyler Seguin in Canadiens zone.
19:46 of 2nd period - Snap shot by Jordan Szwarz.
19:46 of 2nd period - Shot Misses the Net.
19:48 of 2nd period - Slapshot by Cam Fowler.
19:48 of 2nd period - Deflect By Nick Spaling.
19:48 of 2nd period - Goal by Nick Spaling - Canadiens : 2 - Blue Jackets : 2.
19:49 of 2nd period - Jean-Gabriel Pageau wins face-off versus Tyler Seguin in neutral zone.
Goals for this period are 2 for Canadiens vs 2 for Blue Jackets.
Shots for this period are 17 for Canadiens vs 9 for Blue Jackets.
3rd period
0:01 of 3rd period - Jean-Gabriel Pageau wins face-off versus Tyler Seguin in neutral zone.
0:12 of 3rd period - Wrist shot by Jean-Gabriel Pageau.
0:12 of 3rd period - Shot Misses the Net.
0:14 of 3rd period - Wrist shot by Mark Stuart.
0:14 of 3rd period - Stopped by Rick DiPietro with a rebound.
0:16 of 3rd period - Slapshot by Mark Stuart.
0:16 of 3rd period - Stopped by Rick DiPietro without a rebound.
0:17 of 3rd period - Dave Bolland wins face-off versus Mika Zibanejad in Blue Jackets zone.
0:22 of 3rd period - Kevin Shattenkirk is hit by Dave Bolland and loses puck.
1:13 of 3rd period - Wrist shot by Tyler Kennedy.
1:13 of 3rd period - Stopped by Rick DiPietro without a rebound.
1:14 of 3rd period - Jean-Gabriel Pageau wins face-off versus Tyler Seguin in Blue Jackets zone.
1:15 of 3rd period - Wrist shot by Chris Kreider.
1:15 of 3rd period - Shot Misses the Net.
1:21 of 3rd period - Dennis Wideman is hit by Cam Fowler and loses puck.
2:06 of 3rd period - Minor Penalty to Devin Setoguchi for Hooking.
2:07 of 3rd period - Greg Stewart wins face-off versus Tyler Seguin in Blue Jackets zone.
2:07 of 3rd period - Wrist shot by Mika Zibanejad.
2:07 of 3rd period - Deflect By Greg Stewart.
2:07 of 3rd period - Stopped by Rick DiPietro with a rebound.
2:35 of 3rd period - Mark Stuart is hit by Artemi Panarin and loses puck.
3:10 of 3rd period - Kevin Shattenkirk is hit by Daniel Carcillo.
3:57 of 3rd period - Travis Hamonic is hit by Brandon Bollig and loses puck.
4:06 of 3rd period - Penalty to Devin Setoguchi is over, Devin Setoguchi is back on ice.
4:08 of 3rd period - Dennis Wideman is hit by Jordan Szwarz and loses puck.
5:03 of 3rd period - Snap shot by Mats Zuccarello.
5:03 of 3rd period - Deflect By Peter Mueller.
5:03 of 3rd period - Goal by Peter Mueller - Canadiens : 2 - Blue Jackets : 3.
5:04 of 3rd period - Jean-Gabriel Pageau wins face-off versus Dave Bolland in neutral zone.
5:09 of 3rd period - Wrist shot by Jean-Gabriel Pageau.
5:09 of 3rd period - Stopped by Rick DiPietro with a rebound.
5:21 of 3rd period - Snap shot by Dave Bolland.
5:21 of 3rd period - Deflect By Jean-Gabriel Pageau.
5:21 of 3rd period - Stopped by Kristers Gudlevskis with a rebound.
5:27 of 3rd period - Minor Penalty to Phil Kessel for Hooking.
5:28 of 3rd period - Tyler Seguin wins face-off versus Jean-Gabriel Pageau in Canadiens zone.
6:07 of 3rd period - Tyler Kennedy is hit by Colton Parayko and loses puck.
6:54 of 3rd period - Wrist shot by Henrik Sedin.
6:54 of 3rd period - Shot Blocked by Colton Parayko.
6:56 of 3rd period - Slapshot by Cam Fowler.
6:56 of 3rd period - Shot Blocked by Travis Hamonic.
6:58 of 3rd period - Slapshot by Cam Fowler.
6:58 of 3rd period - Stopped by Rick DiPietro with a rebound.
7:16 of 3rd period - Devin Setoguchi is hit by Nick Spaling and loses puck.
7:27 of 3rd period - Penalty to Phil Kessel is over, Phil Kessel is back on ice.
7:35 of 3rd period - Mats Zuccarello is hit by Kevin Shattenkirk and loses puck.
8:01 of 3rd period - Dennis Wideman is hit by Steve Downie.
8:15 of 3rd period - Wrist shot by Peter Mueller.
8:15 of 3rd period - Stopped by Kristers Gudlevskis with a rebound.
8:29 of 3rd period - Wrist shot by Peter Mueller.
8:29 of 3rd period - Stopped by Kristers Gudlevskis without a rebound.
8:30 of 3rd period - Tyler Seguin wins face-off versus Jean-Gabriel Pageau in Canadiens zone.
8:31 of 3rd period - Slapshot by Artemi Panarin.
8:31 of 3rd period - Shot Misses the Net.
9:05 of 3rd period - Slapshot by Dave Bolland.
9:05 of 3rd period - Shot Blocked by Tyler Kennedy.
9:07 of 3rd period - Snap shot by Daniel Carcillo.
9:07 of 3rd period - Stopped by Kristers Gudlevskis with a rebound.
9:09 of 3rd period - Slapshot by Daniel Carcillo.
9:09 of 3rd period - Shot Misses the Net.
9:25 of 3rd period - Jordan Szwarz is hit by Shea Weber.
9:43 of 3rd period - Slapshot by Shea Weber.
9:43 of 3rd period - Deflect By Chris Kreider.
9:43 of 3rd period - Stopped by Kristers Gudlevskis without a rebound.
9:44 of 3rd period - Chris Kreider wins face-off versus Dave Bolland in Canadiens zone.
9:44 of 3rd period - Chris Kreider is hit by Devin Setoguchi.
9:50 of 3rd period - Snap shot by Daniel Carcillo.
9:50 of 3rd period - Goal by Daniel Carcillo - Canadiens : 2 - Blue Jackets : 4.
9:51 of 3rd period - Jean-Gabriel Pageau wins face-off versus Tyler Seguin in neutral zone.
9:53 of 3rd period - Off-side.
9:54 of 3rd period - Jean-Gabriel Pageau wins face-off versus Tyler Seguin in neutral zone.
10:05 of 3rd period - Chris Kreider is hit by Bobby Ryan and loses puck.
10:22 of 3rd period - Wrist shot by Mika Zibanejad.
10:22 of 3rd period - Stopped by Rick DiPietro with a rebound.
10:24 of 3rd period - Snap shot by Mika Zibanejad.
10:24 of 3rd period - Shot Misses the Net.
10:26 of 3rd period - Slapshot by Mark Stuart.
10:26 of 3rd period - Shot Blocked by Colton Parayko.
10:28 of 3rd period - Slapshot by Kevin Shattenkirk.
10:28 of 3rd period - Stopped by Rick DiPietro without a rebound.
10:29 of 3rd period - Tyler Seguin wins face-off versus Mika Zibanejad in Blue Jackets zone.
11:05 of 3rd period - Snap shot by Daniel Carcillo.
11:05 of 3rd period - Stopped by Kristers Gudlevskis without a rebound.
11:06 of 3rd period - Tyler Seguin wins face-off versus Henrik Sedin in Canadiens zone.
11:43 of 3rd period - Slapshot by Peter Mueller.
11:43 of 3rd period - Stopped by Kristers Gudlevskis without a rebound.
11:44 of 3rd period - Jean-Gabriel Pageau wins face-off versus Tyler Seguin in Canadiens zone.
12:54 of 3rd period - Colton Parayko is hit by Henrik Sedin and loses puck.
13:32 of 3rd period - Off-side.
13:33 of 3rd period - Peter Mueller wins face-off versus Mika Zibanejad in neutral zone.
13:58 of 3rd period - Wrist shot by Rickard Rakell.
13:58 of 3rd period - Goal by Rickard Rakell - Canadiens : 2 - Blue Jackets : 5.
13:59 of 3rd period - Tyler Seguin wins face-off versus Jean-Gabriel Pageau in neutral zone.
14:06 of 3rd period - Slapshot by Bobby Ryan.
14:06 of 3rd period - Stopped by Kristers Gudlevskis without a rebound.
14:07 of 3rd period - Tyler Seguin wins face-off versus Jean-Gabriel Pageau in Canadiens zone.
14:16 of 3rd period - Slapshot by Artemi Panarin.
14:16 of 3rd period - Shot Blocked by Phil Kessel.
14:18 of 3rd period - Slapshot by Colton Parayko.
14:18 of 3rd period - Stopped by Kristers Gudlevskis without a rebound.
14:19 of 3rd period - Tyler Seguin wins face-off versus Jean-Gabriel Pageau in Canadiens zone.
14:24 of 3rd period - Backhand shot by Bobby Ryan.
14:24 of 3rd period - Shot Blocked by Cam Fowler.
14:43 of 3rd period - Icing by Artemi Panarin.
14:44 of 3rd period - Dave Bolland wins face-off versus Mika Zibanejad in Blue Jackets zone.
14:51 of 3rd period - Wrist shot by Daniel Carcillo.
14:51 of 3rd period - Deflect By Dave Bolland.
14:51 of 3rd period - Shot Blocked by Anton Volchenkov.
14:51 of 3rd period - Puck is out of play.
14:52 of 3rd period - Jean-Gabriel Pageau wins face-off versus Tyler Seguin in Canadiens zone.
14:58 of 3rd period - Minor Penalty to Anton Volchenkov for Hooking.
14:59 of 3rd period - Tyler Seguin wins face-off versus Jean-Gabriel Pageau in Canadiens zone.
15:38 of 3rd period - Cam Fowler is hit by Travis Hamonic and loses puck.
16:58 of 3rd period - Penalty to Anton Volchenkov is over, Anton Volchenkov is back on ice.
17:50 of 3rd period - Tim Schaller is hit by Phil Kessel and loses puck.
18:27 of 3rd period - Rickard Rakell is hit by Jordan Szwarz and loses puck.
18:50 of 3rd period - Ryan Wilson is hit by Henrik Sedin and loses puck.
19:37 of 3rd period - Daniel Carcillo is hit by Chris Kreider and loses puck.
19:56 of 3rd period - Ryan Wilson is hit by Cam Fowler and loses puck.
Goals for this period are 0 for Canadiens vs 3 for Blue Jackets.
Shots for this period are 8 for Canadiens vs 12 for Blue Jackets.
Output by the SimonT Hockey Simulator (STHS) for Francois Prevost